 Dungeon Crawl Stone Soup version 0.29-a0-1043-g569b05d6ff (webtiles) character file.

Game seed: 9101652079122733268

597 Pooter the Digger (level 7, -1/51 HPs)
             Began as a Formicid Earth Elementalist on Aug 15, 2022.
             Was a Follower of Cheibriados.
             Slain by a black bear (2 damage)
             ... on level 5 of the Dungeon on Aug 16, 2022.
             The game lasted 00:44:47 (5213 turns).

Pooter the Digger (Formicid Earth Elementalist)     Turns: 5213, Time: 00:44:48

Health: -1/51      AC:  7    Str: 15    XL:     7   Next: 68%
Magic:  9/12       EV: 13    Int: 20    God:    Cheibriados [*.....]
Gold:   203        SH:  0    Dex: 19    Spells: 2/12 levels left

rFire   + . .      SeeInvis +   a - +0 halberd
rCold   . . .      Faith    .   (no shield)
rNeg    . . .      Spirit   .   v - +3 leather armour "Weiduwk" {Dex+2}
rPois   .          Reflect  .   (helmet unavailable)
rElec   .          Harm     .   (no cloak)
rCorr   .          Rampage  .   k - +0 pair of gloves
Will    .....                   (no boots)
Stlth   +++.......              (no amulet)
HPRegen 0.17/turn               W - ring of wizardry
MPRegen 0.13/turn               F - ring of protection from fire

@: very slow
A: permanent stasis, dig shafts and tunnels, antennae 3, four strong arms
a: Dig, Shaft Self, Renounce Religion, Bend Time


You were on level 5 of the Dungeon.
You worshipped Cheibriados.
Cheibriados was aware of your devotion.
You visited 1 branch of the dungeon, and saw 5 of its levels.

You collected 203 gold pieces.

Inventory:

Hand Weapons
 a - a +0 halberd (weapon)
   (You took it off a gnoll on level 4 of the Dungeon)
 b - a +2 shortbow
   (You took it off a centaur on level 4 of the Dungeon)
 f - a +0 spear
   (You found it on level 1 of the Dungeon)
 i - a +0 whip of electrocution
   (You found it on level 1 of the Dungeon)
 y - a +0 sling
   (You took it off a goblin on level 3 of the Dungeon)
 z - a +0 halberd
   (You took it off a gnoll on level 4 of the Dungeon)
 A - a +0 flail
   (You took it off an orc on level 3 of the Dungeon)
 C - a +1 dagger of draining
   (You took it off an orc wizard on level 4 of the Dungeon)
Missiles
 d - 4 poisoned darts (quivered)
 Q - 29 stones
Armour
 c - a +0 robe
 k - a +0 pair of gloves (worn)
   (You found it on level 2 of the Dungeon)
 p - a +0 buckler
   (You found it on level 2 of the Dungeon)
 v - the +3 leather armour "Weiduwk" (worn) {Dex+2}
   (You found it on level 3 of the Dungeon)

   Dex:       It affects your dexterity (+2).
Magical Staves
 D - a staff of conjuration {!a}
   (You found it on level 4 of the Dungeon)
Jewellery
 F - a ring of protection from fire (right hand)
   (You found it on level 5 of the Dungeon)
 W - a ring of wizardry (left hand)
   (You found it on level 4 of the Dungeon)
Wands
 u - a wand of light (3)
   (You took it off Ijyb on level 3 of the Dungeon)
Scrolls
 e - a scroll of magic mapping
 g - 2 scrolls of summoning {unknown}
 n - a scroll of butterflies
 t - 3 scrolls of teleportation {unknown}
 w - a scroll of noise {unknown}
 x - a scroll of immolation {unknown}
Potions
 h - a potion of berserk rage {unknown}
 l - 2 potions of mutation {unknown}
 m - a potion of haste {unknown}
 o - 3 potions of curing {unknown}
 q - a potion of resistance {unknown}
 r - 2 potions of lignification {unknown}
 s - a potion of magic
 B - a potion of flight {unknown}


   Skills:
 + Level 2.5 Fighting
 + Level 1.2 Ranged Weapons
 + Level 1.5 Armour
 + Level 2.8 Dodging
 + Level 4.1 Stealth
 - Level 1.4 Shields
 + Level 3.3 Spellcasting
 * Level 2.5 Conjurations
 + Level 2.8 Transmutations
 + Level 4.5 Earth Magic
 + Level 1.7 Invocations


You had 2 spell levels left.
You knew the following spells:

 Your Spells              Type           Power      Damage    Failure   Level
a - Sandblast             Erth           42%        2d11      1%          1
b - Passwall              Tmut/Erth      15%        N/A       2%          2
c - Stone Arrow           Conj/Erth      34%        3d9       4%          3
d - Petrify               Tmut/Erth      18%        N/A       16%         4

Your spell library contained the following spells:

 Spells                   Type           Power      Damage    Failure   Level


Dungeon Overview and Level Annotations

Branches:
Dungeon (5/15)             Temple (0/1) D:4

Altars:
Cheibriados
Dithmenos
Gozag
Yredelemnul


Innate Abilities, Weirdness & Mutations

You cannot be hasted, slowed, berserked, paralysed or teleported.
You can dig through walls and to a lower floor.
You have a pair of large antennae on your head. (SInv)
Your four strong arms can wield two-handed weapons with a shield.


Message History

The spell is quite dangerous to miscast (16% risk of failure)!
Continue anyway?
Aim: a black bear (moderately wounded, blind, chance to affect: 50%)
The black bear is moving more slowly.
The black bear closely misses you. The black bear misses you.
The black bear claws you.
* * * LOW HITPOINT WARNING * * *
The black bear growls angrily.
The black bear stops moving altogether!
a - a +0 halberd (weapon)
The black bear is no longer blind.
The helpless black bear fails to defend itself.
You hit the black bear.
The helpless black bear fails to defend itself.
You puncture the black bear!
The helpless black bear fails to defend itself.
You hit the black bear.
The helpless black bear fails to defend itself.
You puncture the black bear!
The black bear is no longer petrified.
The black bear goes berserk!
The black bear barely misses you. The black bear claws you.
* * * LOW HITPOINT WARNING * * *
The black bear claws you but does no damage.
You closely miss the black bear. The black bear bites you.
* * * LOW HITPOINT WARNING * * *
The black bear claws you but does no damage. x2
The black bear barely misses you. x2
The black bear claws you but does no damage.
You hit the black bear but do no damage.
The black bear closely misses you. The black bear barely misses you. x3
The black bear claws you but does no damage.
The black bear claws you.
* * * LOW HITPOINT WARNING * * *
The black bear misses you.
The black bear claws you but does no damage.
The black bear claws you.
* * * LOW HITPOINT WARNING * * *
You hit the black bear but do no damage.
The black bear misses you. The black bear closely misses you.
The black bear claws you but does no damage.
The black bear barely misses you. The black bear claws you.
* * * LOW HITPOINT WARNING * * *
The black bear claws you.
* * * LOW HITPOINT WARNING * * *
Aim: a black bear (severely wounded, berserk, 87% to hit)
The blast of sand hits the black bear.
The black bear closely misses you. The black bear barely misses you. x2
The black bear bites you but does no damage.
The black bear claws you.
* * * LOW HITPOINT WARNING * * *
The black bear claws you.
You die...

.....................
..................... .
#...# #...# #...# ..
#...# #...# #...#
...###...###...###...###.
#........................
#........................
#..............##...
#<.@h...........###.
#..#.............# .
#..###............# ....
#.#..........# #....
#.##.......)... #..#.
..####.......... #.###
.... ##[......### ..
#.... #......##


You could see a black bear (berserk).

Vanquished Creatures
  2 centaurs
  A killer bee (D:4)
  A howler monkey (D:4)
  2 hounds (D:4)
  An orc priest (D:4)
  Ijyb (D:3)
  An orc wizard (D:4)
  An iguana (D:4)
  4 gnolls (D:4)
  4 adders
  2 worms
  A dart slug (D:1)
  8 orcs
  9 ball pythons
  8 bats
  10 endoplasms
  5 giant cockroaches
  12 goblins
  8 hobgoblins
  4 quokkas
  4 frilled lizards
  5 kobolds
  8 rats
102 creatures vanquished.

Notes
Turn   | Place    | Note
-------+----------+-------------------------------------------
     0 | D:1      | Pooter the Formicid Earth Elementalist began the quest for
                  | the Orb.
     0 | D:1      | Reached XP level 1. HP: 13/13 MP: 3/3
   152 | D:1      | Reached XP level 2. HP: 20/20 MP: 3/5
   176 | D:1      | Learned a level 2 spell: Passwall
   546 | D:1      | Reached XP level 3. HP: 25/25 MP: 4/6
   568 | D:1      | Learned a level 3 spell: Stone Arrow
   984 | D:2      | Reached skill level 1 in Fighting
  1108 | D:2      | Reached XP level 4. HP: 32/32 MP: 5/7
  1254 | D:2      | Noticed a necrophage
  1477 | D:2      | Reached skill level 1 in Conjurations
  1978 | D:3      | Reached XP level 5. HP: 37/37 MP: 6/9
  2002 | D:3      | Noticed Ijyb
  2166 | D:3      | Killed Ijyb
  2480 | D:3      | Found a snail-covered altar of Cheibriados.
  2538 | D:3      | Found a shadowy altar of Dithmenos.
  2540 | D:3      | Found an opulent altar of Gozag.
  2545 | D:3      | Became a worshipper of Cheibriados the Contemplative
  2561 | D:3      | Identified the +3 leather armour "Weiduwk" {Dex+2}
  2612 | D:3      | Reached skill level 1 in Shields
  2692 | D:3      | Found a basalt altar of Yredelemnul.
  3089 | D:4      | Noticed a centaur
  3094 | D:4      | Killed a centaur
  3095 | D:4      | Reached XP level 6. HP: 42/44 MP: 3/10
  3199 | D:4      | Found a staircase to the Ecumenical Temple.
  3474 | D:4      | Reached skill level 1 in Invocations
  3707 | D:4      | Reached * piety under Cheibriados
  3710 | D:4      | Reached skill level 1 in Armour
  3805 | D:4      | Reached XP level 7. HP: 46/50 MP: 7/11
  3873 | D:4      | Learned a level 4 spell: Petrify
  4120 | D:4      | Reached skill level 1 in Ranged Weapons
  5108 | D:5      | Entered Level 5 of the Dungeon
  5213 | D:5      | HP: 1/51 [black bear (5)]
  5213 | D:5      | Slain by a black bear

Illustrated notes

Levels and vault maps discovered:
D:1:      saegor_arrival_miasma, layout_basic, chequers_serial_rivers_micro_d,
          minmay_pentomino_p2
D:2:      layout_basic, lightli_corner_chamber
D:3:      layout_basic, nicolae_overflow_quartered_altars, uniq_ijyb
D:4:      minmay_clustersquares, layout_rooms, temple_doors_cd
D:5:      layout_layer_cave, kennysheep_boxes

Skill      XL: |  1  2  3  4  5  6  7 |
---------------+----------------------+-----
Dodging        | 2 |  2.8
Fighting       | 1 2 |  2.5
Stealth        | 3 4 |  4.1
Conjurations   | 1 2 |  2.5
Earth Magic    | 4 |  4.5
Transmutations | 2 |  2.8
Shields        | 1 |  1.4
Spellcasting   | 3 |  3.3
Invocations    | 1 |  1.7
Armour         | 1 |  1.5
Ranged Weapons | 1 |  1.2

Action                   |  1- 3 |  4- 6 |  7- 9 || total
-------------------------+-------+-------+-------++-------
Melee: Whip              |    10 |     2 |       ||    12
       Flail             |       |    10 |       ||    10
       Punch             |       |     1 |       ||     1
       Halberd           |       |       |    17 ||    17
 Fire: Sling             |       |    19 |       ||    19
       Shortbow          |       |     9 |    22 ||    31
Throw: Dart              |    15 |     6 |       ||    21
 Cast: Sandblast         |    38 |    73 |    16 ||   127
       Stone Arrow       |     1 |     5 |       ||     6
       Passwall          |       |     3 |       ||     3
       Petrify           |       |       |     2 ||     2
 Abil: Dig               |       |     3 |     1 ||     4
Evoke: Wand              |       |       |     2 ||     2
  Use: Scroll            |       |     3 |     2 ||     5
 Stab: Petrified         |       |       |     9 ||     9
Armor: Robe              |     3 |     5 |       ||     8
       Leather armour    |       |    11 |    16 ||    27
Dodge: Dodged            |     8 |    32 |    33 ||    73
Block: Buckler           |       |     2 |       ||     2

Table legend: (Time is in decaauts)
 A = Elapsed time spent in this place.
 B = Non-inter-level travel time spent in this place.
 C = Inter-level travel time spent in this place.
 D = Time resting spent in this place.
 E = Time spent auto-exploring this place.
 F = Levels seen in this place.
 G = Mean time per level.
                   A        B        C        D        E       F      G
               +--------+--------+--------+--------+--------+-----+--------+
         Total |   5714 |   5617 |     97 |   2112 |   2094 |   5 | 1142.8 |
       Dungeon |   5714 |   5617 |     97 |   2112 |   2094 |   5 | 1142.8 |
               +--------+--------+--------+--------+--------+-----+--------+

Top non-repeatable levels by time:
     D:4: 2284 daAuts
     D:3: 1394 daAuts
     D:2: 954 daAuts
     D:1: 954 daAuts
     D:5: 126 daAuts
